 Dungeon Crawl Stone Soup version 0.29.1-15-g9cfb28693d (webtiles) character file.

Game seed: 6591227666911076396

3406 croobank the Conjurer (level 9, -4/57 HPs)
             Began as a Demonspawn Conjurer on Mar 10, 2023.
             Was an Initiate of Gozag.
             Slain by a two-headed ogre
             ... wielding a +0 giant club
              (14 damage)
             ... on level 8 of the Dungeon.
             The game lasted 00:26:51 (9958 turns).

croobank the Conjurer (Demonspawn Conjurer)         Turns: 9958, Time: 00:26:51

Health: -4/57      AC:  6    Str:  8    XL:     9   Next: 75%
Magic:  4/18       EV: 29    Int: 23    God:    Gozag
Gold:   400        SH:  0    Dex: 12    Spells: 10/20 levels left

rFire   . . .      SeeInvis .   a - +3 dagger (venom)
rCold   . . .      Faith    .   (no shield)
rNeg    . . .      Spirit   .   o - +1 robe
rPois   .          Reflect  .   (no helmet)
rElec   .          Harm     .   u - +0 cloak
rCorr   .          Rampage  .   (no gloves)
Will    .....                   (no boots)
Stlth   ++++......              k - amulet of the acrobat
HPRegen 0.19/turn               (no ring)
MPRegen 0.16/turn               (no ring)

@: acrobatic
A: claws 1, spiny 1, sharp scales 2, camouflage 1
a: Renounce Religion, Potion Petition, Call Merchant, Bribe Branch


You were on level 8 of the Dungeon.
You worshipped Gozag.
Gozag was aware of your devotion.
You visited 1 branch of the dungeon, and saw 8 of its levels.

You collected 607 gold pieces.
You spent 70 gold pieces at shops.
You paid 137 gold pieces to Gozag.

Inventory:

Hand Weapons
 a - a +3 dagger of venom (weapon)
 h - a +0 short sword
 x - a +3 flail of chaos
 z - a +0 vampiric hand axe
Missiles
 b - 12 poisoned darts
 i - 2 javelins
 y - 3 curare-tipped darts
Armour
 o - a +1 robe (worn)
 u - a +0 cloak (worn)
Jewellery
 k - an amulet of the acrobat (around neck)
 v - an amulet of faith
Wands
 c - a wand of quicksilver (19)
 l - a wand of charming (3)
 m - a wand of flame (48)
Scrolls
 e - a scroll of amnesia {unknown}
 f - a scroll of noise
 j - 6 scrolls of teleportation
 p - a scroll of enchant weapon
 s - a scroll of immolation
 t - a scroll of identify
 A - a scroll of brand weapon
Potions
 d - 3 potions of heal wounds
 g - 2 potions of invisibility
 n - 5 potions of attraction
 r - a potion of ambrosia
 w - a potion of curing
Miscellaneous
 q - a piece from Xom's chessboard (15/15)


   Skills:
 + Level 6.0 Dodging
 + Level 6.5 Stealth
 + Level 6.0 Spellcasting
 + Level 7.5 Conjurations
 + Level 5.6 Hexes


You had 10 spell levels left.
You knew the following spells:

 Your Spells              Type           Power      Damage    Failure   Level
a - Magic Dart            Conj           100%       1d8       1%          1
b - Searing Ray           Conj           82%        2d7       1%          2
c - Dazzling Flash        Conj/Hex       74%        N/A       1%          3
d - Fulminant Prism       Conj/Hex       18%        3d11      5%          4

Your spell library contained the following spells:

 Spells                   Type           Power      Damage    Failure   Level
 Shock                    Conj/Air       96%        1d9       1%          1
 Necrotise                Necr           24%        1d5       9%          1
 Mephitic Cloud           Conj/Pois/Air  18%        N/A       9%          3
 Cause Fear               Hex            16%        N/A       9%          4
 Call Imp                 Summ           6%         N/A       13%         2
 Sublimation of Blood     Necr           6%         N/A       13%         2
 Iskenderun's Mystic Bla  Conj/Tloc      24%        2d7       19%         4
 Swiftness                Air            6%         N/A       26%         3
 Vampiric Draining        Necr           6%         2d6       26%         3
 Irradiate                Conj/Tmut      12%        3d15      45%         5
 Metabolic Englaciation   Hex/Ice        9%         N/A       58%         5
 Airstrike                Air            3%         2d(1-17)  63%         4
 Petrify                  Tmut/Erth      6%         N/A       63%         4
 Agony                    Necr           6%         N/A       93%         5


Dungeon Overview and Level Annotations

Branches:
Dungeon (8/15)             Temple (0/1) D:7
   Lair: D:8-11

Altars:
Cheibriados
Dithmenos
Fedhas
Gozag
Kikubaaqudgha
Makhleb
Qazlal
Ru
Sif Muna
Uskayaw
Vehumet
Wu Jian
Yredelemnul

Shops:
D:4 ?

Portals:
Abyss: D:3

Annotations:
D:3 2 transporters, 1 runed translucent door, Crazy Yiuf; Grinder; Seidenschwarz's ghost, amateur MiFi


Innate Abilities, Weirdness & Mutations

You have sharp fingernails.
You are partially covered in sharp spines.
You are mostly covered in razor-sharp scales. (AC +2, Slay +2)
Your skin changes colour to match your surroundings (Stealth+).


Message History

Press: ? - help, Shift-Dir - straight line The searing ray hits the two-headed ogre.
The two-headed ogre is lightly wounded. (Press . to maintain the ray.)
Your fulminant prism crackles loudly.
The searing ray misses the two-headed ogre.
Your fulminant prism explodes!
You hear a bellow!
Casting: Searing Ray (safe; 1% risk of failure)
Confirm with . or Enter, or press ? or * to list all spells.
Casting: Dazzling Flash (safe; 1% risk of failure)
Press: ? - help, Dir - look around, f - activate The two-headed ogre is dazzled.
The two-headed ogre barely misses you. x2
Casting: Dazzling Flash (safe; 1% risk of failure)
Confirm with . or Enter, or press ? or * to list all spells.
Aiming: Searing Ray (safe; 1% risk of failure)
Press: ? - help, Shift-Dir - straight line, f - two-headed ogre
Aim: a two-headed ogre, wielding two +0 giant clubs (lightly wounded, blind, 91% to hit)
The searing ray hits the two-headed ogre!
The two-headed ogre is moderately wounded. (Press . to maintain the ray.)
The two-headed ogre is struck by your spines.
The two-headed ogre barely misses you.
The two-headed ogre hits you with a +0 giant club!
The searing ray hits the two-headed ogre!
The two-headed ogre is heavily wounded.
The searing ray misses the two-headed ogre.
The two-headed ogre is struck by your spines.
The two-headed ogre misses you.
The two-headed ogre completely misses you.
The searing ray hits the two-headed ogre.
The two-headed ogre is severely wounded.
You finish channelling your searing ray.
The two-headed ogre is struck by your spines.
The two-headed ogre hits you with a +0 giant club!!
Ouch! That really hurt!
* * * LOW HITPOINT WARNING * * *
The two-headed ogre hits you with a +0 giant club!
You die...
Your body crumbles into a pile of gold.

#.#.#..###########
#.....$..........#
##..##....#.##.##.#
......$............###
.###..#...(..##.......
#..###$.#.##.#..#
.........#.>.....#
#..#.###.....O.#.##
.... #.##.##@#.# ##.
#......<..#
###########


You could see a two-headed ogre (blind).

Vanquished Creatures
  A slime creature (D:7)
  A wyvern (D:8)
  2 yaks (D:8)
  Menkaure (D:4)
  An acid dragon (D:7)
  A water moccasin (D:7)
  3 orc warriors
  3 black bears
  An ice beast (D:7)
  3 ogres
  A centaur (D:7)
  2 kobold brigands (D:7)
  A scorpion (D:5)
  A bullfrog (D:8)
  3 wights (D:7)
  3 hounds
  3 orc priests
  7 jellies
  6 iguanas
  Ijyb (D:3)
  Jessica (D:3)
  10 orc wizards
  Robin (D:3)
  3 gnolls (D:7)
  5 adders
  A shadow imp (D:6)
  2 white imps
  4 worms
  2 dart slugs
  21 orcs
  5 bats
  10 endoplasms
  3 giant cockroaches
  15 goblins
  2 hobgoblins
  2 jackals (D:4)
  11 kobolds
  2 quokkas
  9 ball pythons
  2 frilled lizards
  4 rats
160 creatures vanquished.

Vanquished Creatures (others)
  4 fulminant prisms
  15 fungi
  2 plants (D:2)
  6 toadstools (D:7)
27 creatures vanquished.

Grand Total: 187 creatures vanquished

Notes
Turn   | Place    | Note
-------+----------+-------------------------------------------
     0 | D:1      | croobank the Demonspawn Conjurer began the quest for the
                  | Orb.
     0 | D:1      | Reached XP level 1. HP: 13/13 MP: 3/3
   225 | D:1      | Gained mutation: You are partially covered in razor-sharp
                  | scales. (AC +1, Slay +1) [demonic ancestry]
   225 | D:1      | Reached XP level 2. HP: 19/19 MP: 3/5
   228 | D:1      | Learned a level 2 spell: Searing Ray
   932 | D:2      | Found a faded altar of an unknown god.
   951 | D:2      | Gained mutation: You are partially covered in sharp spines.
                  | [demonic ancestry]
   951 | D:2      | Reached XP level 3. HP: 12/24 MP: 0/6
  1511 | D:2      | Found a shimmering blue altar of Sif Muna.
  1635 | D:3      | Found a sacrificial altar of Ru.
  1667 | D:3      | Noticed Ijyb
  1938 | D:3      | Learned a level 3 spell: Dazzling Flash
  1961 | D:3      | Killed Ijyb
  1962 | D:3      | Gained mutation: You are mostly covered in razor-sharp
                  | scales. (AC +2, Slay +2) [demonic ancestry]
  1962 | D:3      | Reached XP level 4. HP: 22/30 MP: 1/7
  2046 | D:3      | Gained mutation: Your skin changes colour to match your
                  | surroundings (Stealth+). [potion of mutation]
  2144 | D:3      | Noticed Jessica
  2150 | D:3      | Killed Jessica
  2186 | D:3      | Noticed Grinder
  2191 | D:3      | Found a transporter.
  2305 | D:3      | Noticed a toenail golem
  2317 | D:3      | Found a one-way gate to the infinite horrors of the Abyss.
  2317 | D:3      | Noticed a kobold brigand
  2317 | D:3      | Noticed Seidenschwarz's ghost (amateur MiFi)
  2464 | D:3      | Noticed Robin
  2476 | D:3      | Reached XP level 5. HP: 32/35 MP: 5/9
  2479 | D:3      | Killed Robin
  2709 | D:3      | Learned a level 4 spell: Fulminant Prism
  2980 | D:3      | Found a runed translucent door.
  2981 | D:3      | Noticed Crazy Yiuf
  3052 | D:3      | Found a transporter.
  3203 | D:4      | Noticed Menkaure
  3215 | D:4      | Killed Menkaure
  3216 | D:4      | Reached skill level 5 in Conjurations
  3216 | D:4      | Reached skill level 1 in Hexes
  3216 | D:4      | Reached XP level 6. HP: 12/41 MP: 1/10
  3704 | D:4      | Found a burning altar of Makhleb.
  4090 | D:4      | Found Eduiz's Magic Scroll Shoppe.
  4099 | D:4      | Bought a scroll of teleportation for 30 gold pieces
  4099 | D:4      | Bought a scroll of identify for 20 gold pieces
  4102 | D:4      | Bought a scroll of identify for 20 gold pieces
  4386 | D:4      | Gained mutation: You have sharp fingernails. [demonic
                  | ancestry]
  4386 | D:4      | Reached XP level 7. HP: 46/46 MP: 5/12
  4663 | D:5      | Entered Level 5 of the Dungeon
  5105 | D:5      | Found an ornate altar of the Wu Jian Council.
  5523 | D:5      | Reached XP level 8. HP: 31/52 MP: 5/14
  6268 | D:6      | Found a basalt altar of Yredelemnul.
  6286 | D:6      | Reached skill level 6 in Conjurations
  6769 | D:6      | Reached skill level 5 in Stealth
  7293 | D:6      | Found a shadowy altar of Dithmenos.
  7831 | D:7      | Reached skill level 5 in Dodging
  7831 | D:7      | Reached skill level 5 in Spellcasting
  8123 | D:7      | Found a blossoming altar of Fedhas.
  8126 | D:7      | Found an opulent altar of Gozag.
  8151 | D:7      | Found a staircase to the Ecumenical Temple.
  8170 | D:7      | Found a radiant altar of Vehumet.
  8172 | D:7      | Became a worshipper of Gozag Ym Sagoz the Greedy
  8174 | D:7      | Found a snail-covered altar of Cheibriados.
  8175 | D:7      | Found a hide-covered altar of Uskayaw.
  8175 | D:7      | Found a shimmering blue altar of Sif Muna.
  8177 | D:7      | Found an ancient bone altar of Kikubaaqudgha.
  8178 | D:7      | Found a stormy altar of Qazlal.
  8245 | D:7      | Reached XP level 9. HP: 41/57 MP: 8/16
  8495 | D:7      | Identified the +0 scale mail of Wrong Decisions {Stlth+}
  8631 | D:7      | Got the Tome of Necrotic Spellbinding
  8782 | D:7      | Reached skill level 7 in Conjurations
  8961 | D:7      | Reached skill level 5 in Hexes
  9842 | D:8      | Noticed a two-headed ogre
  9958 | D:8      | Slain by a two-headed ogre

Illustrated notes

Levels and vault maps discovered:
D:1:      wander_arrival_estate, layout_rooms
D:2:      layout_rooms, basic_altar, chequers_ecumenical_altar_simple,
          serial_bayou_lake_a
D:3:      layout_loops_ring, mainiacjoe_overflow_alcove_1,
          gammafunk_ghost_abyssal_escape, solitary_fountain,
          minmay_misc_feat_ornament, uniq_jessica, uniq_crazy_yiuf_cottage,
          uniq_robin, uniq_grinder, uniq_ijyb
D:4:      layout_basic, serial_shops, shop, serial_aquarium,
          aquarium_bridge_square [aquarium_subvault_balcony,
          aquarium_subvault_bridge, aquarium_subvault_window,
          aquarium_subvault_balcony], aquarium_window_corridor_3,
          aquarium_window_corner, aquarium_window_fake, aquarium_view_4,
          aquarium_view_2d, aquarium_pool_corner, minmay_ruined_shrine,
          uniq_menkaure
D:5:      layout_basic, nicolae_wu_jian_wuxing_cycle,
          hellmonk_bongcloud_opening, nrook_mini_vaults
D:6:      layout_layer_cave, zin_scriptorium, nicolae_overflow_hidden_temple,
          grunt_dithmenos_shadows
D:7:      cheibrodos_fertilizer, layout_loops_ring, minitemple, temple_doors_e
D:8:      layout_loops_cross

Skill      XL: |  1  2  3  4  5  6  7  8  9 |
---------------+----------------------------+-----
Dodging        | 2 3 4 5 6 |  6.0
Stealth        | 2 3 4 5 6 |  6.5
Spellcasting   | 3 4 5 6 |  6.0
Conjurations   | 5 6 7 |  7.5
Hexes          | 1 2 3 4 5 |  5.6

Action                   |  1- 3 |  4- 6 |  7- 9 || total
-------------------------+-------+-------+-------++-------
Melee: Unarmed           |     2 |       |       ||     2
       Dagger            |    20 |    47 |    74 ||   141
       Punch             |       |       |     1 ||     1
 Cast: Magic Dart        |    26 |     7 |    40 ||    73
       Searing Ray       |    18 |    13 |    56 ||    87
       Dazzling Flash    |     3 |     4 |    12 ||    19
       Fulminant Prism   |       |       |     4 ||     4
  Use: Potion            |     3 |     1 |     2 ||     6
       Scroll            |       |    10 |     5 ||    15
 Stab: Sleeping          |     2 |     5 |     5 ||    12
       Invisible         |       |       |     2 ||     2
Armor: Robe              |     6 |     9 |    14 ||    29
Dodge: Dodged            |    19 |    29 |   103 ||   151
